Map: Central Protocol

Players

qjmorris

  • Race: Protoss Protoss
  • League: Platinum

Geralt - Winner!

  • Race: Zerg Zerg
  • League: Diamond

VOD

Have the link to the VOD?

Description

Time

  • Played on: Feb. 7, 2016, 3:37 p.m.
  • Length: 5:49
Show
View Real Time Build Order
Export as new Build Order

qjmorris Protoss 

Build Orders: 1 Gate Expand 

Get SALT Encoding   

  12  0:01  Probe (Chrono Boost)  
  13  0:12  Probe (Chrono Boost)  
  14  0:22  Pylon  
  14  0:24  Probe (Chrono Boost)  
  15  0:40  Probe (Chrono Boost)  
  16  0:44  Gateway  
  16  0:50  Probe (Chrono Boost)  
  17  1:14  Nexus  
  17  1:19  Probe (Chrono Boost)  
  17  1:24  Assimilator  
  18  1:30  Probe (Chrono Boost)  
  19  1:45  Cybernetics Core  
  19  1:50  Pylon  
  19  1:53  Probe (Chrono Boost)  
  20  2:05  Zealot  
  22  2:13  Probe (Chrono Boost)  
  23  2:17  Gateway  
  23  2:24  Probe (Chrono Boost), Warp Gate  
  25  2:30  Probe (Chrono Boost), Pylon  
  25  2:36  Assimilator, Probe (Chrono Boost)  
  25  2:49  Probe x2 (Chrono Boost)  
  27  3:00  Mothership Core (Chrono Boost)  
  27  3:01  Probe (Chrono Boost)  
  30  3:12  Probe (Chrono Boost)  
  31  3:20  Robotics Facility  
  31  3:24  Probe x2 (Chrono Boost)  
  33  3:28  Assimilator  
  33  3:34  Robotics Facility  
  33  3:40  Pylon  
  33  3:43  Probe (Chrono Boost)  
  35  3:48  Probe (Chrono Boost)  
  35  3:53  Probe (Chrono Boost)  
  36  4:01  Pylon  
  36  4:03  Probe (Chrono Boost)  
  36  4:09  Probe  
  41  4:10  Immortal (Chrono Boost)  
  42  4:22  Immortal (Chrono Boost)  
  42  4:23  Probe  
  46  4:25  Probe  
  48  4:31  Pylon  
  48  4:35  Probe  
  49  4:39  Zealot x2  
  49  4:45  Immortal (Chrono Boost)  
  57  4:57  Probe x2  
  59  5:01  Sentry x2  
  63  5:09  Probe x2  
  65  5:31  Stalker x2  
Show
View Real Time Build Order
Export as new Build Order

Geralt Zerg - Winner!

Build Orders: Hatch First 

Get SALT Encoding   

  12  0:01  Drone  
  13  0:10  Drone  
  14  0:15  Extractor  
  14  0:16  Drone  
  15  0:22  Overlord  
  15  0:40  Drone x2  
  17  0:55  Drone  
  18  0:58  Hatchery  
  17  1:09  Spawning Pool  
  16  1:12  Drone  
  16  1:17  Extractor  
  16  1:19  Drone  
  16  1:20  Drone  
  18  1:29  Drone  
  19  1:39  Overlord  
  19  1:55  Drone, Queen  
  19  2:01  Drone  
  23  2:10  Drone  
  23  2:11  Queen  
  23  2:14  Drone  
  27  2:24  Drone x2  
  27  2:29  Metabolic Boost  
  29  2:35  Roach Warren  
  28  2:44  Drone x4  
  32  2:55  Overlord x2  
  32  3:15  Roach  
  32  3:16  Roach x4  
  42  3:23  Queen  
  42  3:25  Overlord  
  44  3:34  Roach  
  46  3:43  Zergling x2  
  46  3:44  Zergling x12  
  54  3:55  Zergling x2  
  54  3:56  Zergling x2  
  54  4:01  Zergling x2  
  56  4:13  Zergling x8  
  56  4:15  Overlord x3  
  56  4:16  Overlord  
  60  4:20  Extractor  
  59  4:28  Ravager  
  59  4:31  Overlord  
  60  4:32  Overlord  
  60  4:42  Hatchery  
  60  4:43  Ravager x2  
  60  4:45  Zergling x10  
  65  4:50  Zergling x2  
  65  4:51  Zergling x2  
  68  5:05  Zergling x6  
  71  5:11  Ravager  
  71  5:12  Zergling x4  
  71  5:13  Zergling x4  
  76  5:28  Zergling x4  
Tags
 
Add a new tag
Caveats
  • Supply blocks, unpowered buildings, or Contaminate may cause inaccurate times.
  • Supply counts are checked every 10 seconds.